 Dungeon Crawl Stone Soup version 0.27-a0-1312-g5cdb2b3542 (webtiles) character file.

Game seed: 188646899036442874

26 bjtr the Stinger (level 3, -4/20 HPs)
             Began as a Gargoyle Venom Mage on June 21, 2021.
             Slain by Natasha (5 damage)
             ... on level 2 of the Dungeon.
             The game lasted 00:05:50 (1270 turns).

bjtr the Stinger (Gargoyle Venom Mage)              Turns: 1270, Time: 00:05:50

Health: -4/20      AC:  5    Str: 11    XL:     3   Next: 8%
Magic:  12/15      EV: 11    Int: 16    God:
Gold:   28         SH:  3    Dex: 10    Spells: 5/6 levels left

rFire    . . .     SeeInvis .   e - +0 club
rCold    . . .     Faith    .   g - +0 buckler
rNeg     + . .     Spirit   .   a - +0 robe
rPois    ∞         Reflect  .   (no helmet)
rElec    +         Harm     .   (no cloak)
rCorr    .         Rampage  .   (no gloves)
Will     .....                  (no boots)
Stlth    ++........             (no amulet)
HPRegen  0.06/turn              c - ring of magical power
MPRegen  0.14/turn              (no ring)

@: no status effects
A: sickness immunity, AC +3, negative energy resistance 1, electricity
resistance, torment resistance 1, petrification resistance
a: no special abilities


You were on level 2 of the Dungeon.
You visited 1 branch of the dungeon, and saw 2 of its levels.

You collected 28 gold pieces.

Inventory:

Hand Weapons
 e - a +0 club (weapon)
 f - a +0 dagger
Missiles
 b - 13 poisoned darts
 d - 29 sling bullets
Armour
 a - a +0 robe (worn)
 g - a +0 buckler (worn)
Jewellery
 c - a ring of magical power (left hand)


   Skills:
 * Level 0.6 Fighting
 + Level 1.7 Dodging
 + Level 2.3 Stealth
 * Level 2.4 Spellcasting
 + Level 1.1 Transmutations
 + Level 3.3 Poison Magic


You had 5 spell levels left.
You knew the following spells:

 Your Spells              Type           Power      Damage    Failure   Level
a - Sting                 Tmut/Pois      36%        1d4       13%         1

Your spell library contained the following spells:

 Spells                   Type           Power      Damage    Failure   Level
 Poisonous Vapours        Pois/Air       14%        N/A       26%         2
 Ignite Poison            Fire/Tmut/Pois 6%         N/A       47%         3
 Mephitic Cloud           Conj/Pois/Air  5%         N/A       54%         3
 Olgreb's Toxic Radiance  Pois           12%        N/A       63%         4


Dungeon Overview and Level Annotations

Branches:
Dungeon (2/15)

Altars:

Annotations:
D:2 Natasha


Innate Abilities, Weirdness & Mutations

You are immune to sickness and miasma.
Your stone body is resilient. (AC +3)
You are immune to poison.
You resist negative energy. (rN+)
You are resistant to electric shocks. (rElec)
You are resistant to unholy torment.
You are immune to petrification.


Message History

Aim: Natasha (60% to hit)
The sting misses Natasha.
Casting: Sting (safe; 13% risk of failure)
Confirm with . or Enter, or press ? or * to list all spells.
Aiming: Sting (safe; 13% risk of failure)
Press: ? - help, Shift-Dir - straight line, f/p - Natasha
Aim: Natasha (60% to hit)
The sting hits Natasha.
Natasha is poisoned.
Natasha is lightly wounded.
Natasha claws you but does no damage.
Casting: Sting (safe; 13% risk of failure)
Confirm with . or Enter, or press ? or * to list all spells.
Aiming: Sting (safe; 13% risk of failure)
Press: ? - help, Shift-Dir - straight line, f/p - Natasha
Aim: Natasha (lightly wounded, poisoned, 60% to hit)
The sting misses Natasha.
Natasha claws you!
Unknown command.
Casting: Sting (safe; 13% risk of failure)
Confirm with . or Enter, or press ? or * to list all spells.
Aiming: Sting (safe; 13% risk of failure)
Press: ? - help, Shift-Dir - straight line, f/p - Natasha
Aim: Natasha (lightly wounded, poisoned, 60% to hit)
The sting hits Natasha.
Natasha looks even sicker.
Natasha is moderately wounded.
Natasha claws you.
Unknown command.
You miss Natasha.
Natasha is heavily wounded.
Natasha mumbles some strange words.
Natasha claws you.
* * * LOW HITPOINT WARNING * * *
Unknown command.
Natasha casts a spell at you. The magic dart hits you.
* * * LOW HITPOINT WARNING * * *
Unknown command.
You aren't carrying any potions.
Natasha extends her claws.
Natasha claws you.
You die...

.. #.. ..# ####.. ..#
#.....# ..# #...... #.#
#...... #$#
#......##.#######
#.......@........
####.#.#h###############
### #.#.##.............
....#.5.##...........#
##......##...........##
........>##.............
###....#..............#
#....#....####†..##.#
####......# #.####.#


You could see Natasha (poisoned).

Vanquished Creatures
  2 endoplasms (D:1)
  A giant cockroach (D:1)
  3 goblins (D:1)
  3 hobgoblins (D:1)
  4 jackals (D:1)
  2 quokkas
  4 bats (D:1)
  A kobold (D:1)
  2 rats (D:1)
22 creatures vanquished.

Notes
Turn   | Place    | Note
-------+----------+-------------------------------------------
     0 | D:1      | bjtr the Gargoyle Venom Mage began the quest for the Orb.
     0 | D:1      | Reached XP level 1. HP: 10/10 MP: 3/3
     0 | D:1      | Noticed a tengu
     3 | D:1      | Noticed a ghoul
     5 | D:1      | Noticed an octopode
     7 | D:1      | Noticed a spriggan
     8 | D:1      | Noticed a barachi
    11 | D:1      | Noticed a spriggan
    11 | D:1      | Noticed a barachi
    13 | D:1      | Noticed a troll
    13 | D:1      | Noticed an elf
    17 | D:1      | Noticed a demigod
    19 | D:1      | Noticed a naga
    19 | D:1      | Noticed a naga
    21 | D:1      | Noticed an elf
   300 | D:1      | Reached XP level 2. HP: 15/15 MP: 1/5
   840 | D:1      | Reached skill level 1 in Transmutations
  1070 | D:1      | Reached XP level 3. HP: 20/20 MP: 6/6
  1260 | D:2      | Noticed Natasha
  1266 | D:2      | HP: 1/20 [Natasha/magic dart (4)]
  1270 | D:2      | Slain by Natasha

Illustrated notes

Levels and vault maps discovered:
D:1:      shiori_arrival_whats_in_store_for_you, layout_basic
D:2:      layout_basic, hellmonk_ecumenical_altar_pennies_from_heaven,
          item_on_display_a, uniq_natasha

Skill      XL: |  1  2 |
---------------+-------+-----
Transmutations | 1 |  1.1
Fighting       | |  0.6
Dodging        | |  1.7
Stealth        | |  2.3
Spellcasting   | |  2.4
Poison Magic   | |  3.3

Action                   || total
-------------------------++-------
Melee: Unarmed           ||     4
       Club              ||    18
 Cast: Sting             ||    34
Armor: Robe              ||    15
Dodge: Dodged            ||    34

Table legend: (Time is in decaauts)
 A = Elapsed time spent in this place.
 B = Non-inter-level travel time spent in this place.
 C = Inter-level travel time spent in this place.
 D = Time resting spent in this place.
 E = Time spent auto-exploring this place.
 F = Levels seen in this place.
 G = Mean time per level.
                   A        B        C        D        E       F      G
               +--------+--------+--------+--------+--------+-----+--------+
         Total |   1274 |   1263 |     11 |    273 |    761 |   2 |  637.0 |
       Dungeon |   1274 |   1263 |     11 |    273 |    761 |   2 |  637.0 |
               +--------+--------+--------+--------+--------+-----+--------+

Top non-repeatable levels by time:
     D:1: 1164 daAuts
     D:2: 109 daAuts
